 Dungeon Sprint DCSS version bcrawl-1.15.1 (webtiles) character file.

Game seed: 4792264427206436527

75 Kerapac the Skirmisher (level 4, -2/44 HPs)
             Began as a Hill Orc Archaeologist on Oct 3, 2019.
             Slain by a water elemental (15 damage)
             ... in the Dungeon (Sprint III: "The Ten Rune Challenge").
             The game lasted 00:02:31 (363 turns).

Kerapac the Skirmisher (Hill Orc Archaeologist)      Turns: 363, Time: 00:02:32

Health: -2/44      AC:  6    Str: 14    XL:     4   Next: 31%
Magic:  4/4        EV: 12    Int: 14    God:
Gold:   19         SH:  0    Dex:  9    Spells: 3/3 levels left

rFire    . . .     SeeInvis .   a - +0 whip
rCold    . . .     Gourm    .   (no shield)
rNeg     . . .     Faith    .   b - +1 robe
rPois    .         Spirit   .   c - +1 hat
rElec    .         Reflect  .   (no cloak)
rCorr    .         Harm     .   (no gloves)
MR       .....     NoTele   +   d - +1 pair of boots
Stlth    ++........             (no amulet)
HPRegen  0.14/turn              (no ring)
MPRegen  0.09/turn              (no ring)

@: engulfed (cannot breathe), hasted, studying Fighting, very quick
A: no striking features
a: no special abilities


You were in the Dungeon.
You were not hungry.

You visited 1 branch You collected 19 gold pieces.

Inventory:

Hand Weapons
 a - a +0 whip (weapon)
Armour
 b - a +1 robe (worn)
 c - a +1 hat (worn)
 d - a +1 pair of boots (worn)
Scrolls
 m - 2 scrolls of blinking
 n - 4 scrolls of remove curse
 o - 2 scrolls of holy word
 q - a scroll of identify {unknown}
Potions
 h - a potion of curing
 i - a potion of heal wounds
 j - a potion of haste
 k - 2 potions of magic
 l - 3 potions of mutation {unknown}
 p - 2 potions of flight
Books
 e - a manual of Fighting
Miscellaneous
 f - an ancient crate
Comestibles
 g - 3 rations {!d}


   Skills:
 * Level 5.9 Fighting
   Level 5.9 Short Blades
   Level 5.9 Long Blades
   Level 5.9 Axes
   Level 5.9 Maces & Flails
   Level 5.9 Polearms
   Level 5.9 Staves
 + Level 4.8 Armour
 - Level 2.4 Dodging
 - Level 2.6 Stealth
   Level 5.9 Unarmed Combat


You had 3 spell levels left.
You didn't know any spells.
Your spell library was empty.

Dungeon Overview and Level Annotations

Branches:
Dungeon (1/1)

Altars:


Message History

You hit the water elemental but do no damage.
The water elemental is heavily damaged.
The water elemental hits you.
The water elemental engulfs you in water!
You hit the water elemental.
The water elemental is severely damaged.
Your lungs strain for air!
You hit the water elemental but do no damage.
The water elemental is severely damaged.
Your lungs strain for air!
The water elemental hits you!
You barely miss the water elemental.
The water elemental is severely damaged.
Your lungs strain for air!
You hit the water elemental but do no damage.
The water elemental is severely damaged.
* * * LOW HITPOINT WARNING * * *
Your lungs strain for air!
The water elemental hits you!
You die...

▓▓▓▓▓▓▓ ▓▓▓ ..#)..####
##.# ..#......#####..#
.##....†..#..#..#
#.##.##...#..#..###+#+##
#.##.###..##'#..#.......
.####.##..###...@E⌠.....
###..##..####...#...####
.....##..###....#.⌠.#
##..##...##.....#...#
#..##....#......#+###
..###..##.#.....# ..#
#.. ####....# ▓▓▓ ▓▓▓
▓▓▓▓▓▓


You could see a water elemental.

Vanquished Creatures
  A scorpion (D)
  A human (D)
  An ooze (D)
  3 rats (D)
6 creatures vanquished.

Vanquished Creatures (others)
  2 draconian scorchers (D)
  A yaktaur (D)
  6 hellions (D)
  4 plants (D)
13 creatures vanquished.

Grand Total: 19 creatures vanquished

Notes
Turn   | Place    | Note
-------+----------+-------------------------------------------
     0 | D        | Kerapac the Hill Orc Archaeologist began the quest for the
                  | Orb.
     0 | D        | Reached XP level 1. HP: 15/15 MP: 1/1
    15 | D        | Reached skill level 2 in Fighting
    15 | D        | Reached skill level 1 in Armour
    75 | D        | Reached XP level 2. HP: 25/25 MP: 2/2
    81 | D        | Noticed a scorpion
    85 | D        | Killed a hellion
    86 | D        | Killed a hellion
    91 | D        | Killed a hellion
   102 | D        | Killed a scorpion
   102 | D        | Reached skill level 5 in Fighting
   102 | D        | Reached XP level 3. HP: 34/36 MP: 3/3
   102 | D        | Reached XP level 4. HP: 39/42 MP: 4/4
   134 | D        | Killed a white draconian scorcher
   156 | D        | Killed a hellion
   161 | D        | Killed a hellion
   191 | D        | Killed a white draconian scorcher
   210 | D        | Killed a hellion
   273 | D        | Killed a yaktaur
   349 | D        | Noticed a water elemental
   363 | D        | Slain by a water elemental

Skill      XL: |  1  2 |
---------------+-------+-----
Fighting       | 2 5 |  5.9
Armour         | 2 4 |  4.8
Short Blades   | |  5.9
Long Blades    | |  5.9
Axes           | |  5.9
Maces & Flails | |  5.9
Polearms       | |  5.9
Staves         | |  5.9
Dodging        | |  2.4
Stealth        | |  2.6
Unarmed Combat | |  5.9

Action                   |  1- 3 |  4- 6 || total
-------------------------+-------+-------++-------
Melee: Whip              |    30 |    19 ||    49
  Use: Potion            |     1 |     2 ||     3
 Stab: Sleeping          |     1 |       ||     1
Armor: Robe              |     6 |       ||     6
Dodge: Dodged            |    15 |     5 ||    20
